 Dungeon Crawl Stone Soup version 0.26-a0-667-g92642533e4 (webtiles) character file.

Game seed: 11479473293971379695

401 lunkers the Chiller (level 6, 0/36 HPs)
             Began as an Octopode Ice Elementalist on Oct 16, 2020.
             Was a Believer of Ru.
             Slain by a phantom (5 damage)
             ... on level 4 of the Dungeon.
             The game lasted 00:10:26 (5628 turns).

lunkers the Chiller (Octopode Ice Elementalist)     Turns: 5628, Time: 00:10:26

Health: 0/36       AC:  1    Str:  7    XL:     6   Next: 85%
Magic:  8/12       EV: 13    Int: 20    God:    Ru [**....]
Gold:   235        SH:  5    Dex: 12    Spells: 6/13 levels left

rFire    . . .     SeeInvis .   u - +0 long sword
rCold    + . .     Faith    .   (no shield)
rNeg     + . .     Spirit   .   (helmet restricted)
rPois    .         Reflect  +   j - amulet of reflection
rElec    .         Harm     .   f - ring of protection from cold
rCorr    +         Rampage  .   h - ring of positive energy
MR       .....                  v - ring of resist corrosion (curse)
Stlth    +++.......             (no ring)
HPRegen  0.12/turn              (no ring)
MPRegen  0.13/turn              (no ring)
                                (no ring)
                                (no ring)

@: no status effects
A: almost no armour, stealthy swim, amphibious, 8 rings, constrict 8, camouflage
1, gelatinous body 1, inexperienced 1
a: Renounce Religion


You were on level 4 of the Dungeon.
You worshipped Ru.
Ru was pleased with you.
You visited 1 branch of the dungeon, and saw 5 of its levels.

You collected 235 gold pieces.

Inventory:

Hand Weapons
 u - a +0 long sword (weapon)
Missiles
 e - 3 curare-tipped darts {=f}
 r - 7 datura-tipped darts {=f}
Jewellery
 f - a ring of protection from cold (left tentacle)
 h - a ring of positive energy (right tentacle)
 j - an amulet of reflection (around mantle)
 v - a cursed ring of resist corrosion (on tentacle)
Wands
 y - a wand of digging (7)
 z - a wand of enslavement (5)
Scrolls
 d - 4 scrolls of remove curse {unknown}
 i - 4 scrolls of identify {unknown}
 k - 2 scrolls of fog {unknown}
 m - 2 scrolls of teleportation {unknown}
 n - a scroll of enchant weapon {unknown}
 p - 2 scrolls of blinking {unknown}
 s - a scroll of random uselessness {unknown}
 w - a scroll of fear {unknown}
 x - 2 scrolls of amnesia {unknown}
Potions
 a - 7 potions of curing {unknown}
 b - a potion of brilliance {unknown}
 c - a potion of might {unknown}
 g - 2 potions of ambrosia {unknown}
 l - a potion of mutation {unknown}
 o - 3 potions of heal wounds {unknown}
 q - 2 potions of stabbing {unknown}
 t - a potion of lignification {unknown}


   Skills:
 - Level 2.0 Dodging
 - Level 2.6 Stealth
 + Level 4.3 Spellcasting
 * Level 7.4 Ice Magic


You had 6 spell levels left.
You knew the following spells:

 Your Spells              Type           Power        Failure   Level
a - Freeze                Ice            ####         1%          1
b - Frozen Ramparts       Ice            ####..       1%          3
c - Ozocubu's Armour      Ice            ####....     1%          3

Your spell library contained the following spells:

 Spells                   Type           Power        Failure   Level
 Hailstorm                Conj/Ice       ###.....     26%         4
 Summon Ice Beast         Ice/Summ       ###.....     26%         4


Dungeon Overview and Level Annotations

Branches:
Dungeon (5/15)
 Temple: D:4-7

Altars:
Makhleb
Ru
Zin


Innate Abilities, Weirdness & Mutations

You cannot wear most types of armour.
You are very stealthy in the water. (Stealth+)
You are amphibious.
You can wear up to eight rings at the same time.
You can use your tentacles to constrict eight enemies at once.
Your skin changes colour to match your surroundings (Stealth+).
Your rubbery body absorbs attacks. (AC +1, EV +1)
You are somewhat inexperienced. (-2 XL)


Message History

You see here a leather armour.
There is an open door here.
There is a stone staircase leading up here.
You climb upwards.
The phantom barely misses you.
There is a stone staircase leading down here.
A phantom is nearby!
A phantom is nearby!
The phantom blinks!
There is a stone staircase leading down here.
Evoke which item? (* to show all) (? for menu, Esc to quit)
Aiming: Enslavement
Press: ? - help, Shift-Dir - straight line, f - phantom
Aim: a phantom (chance to defeat MR: 28%)
The phantom easily resists.
You redirect the phantom's attack!
The phantom hits itself.
You hit the phantom.
The phantom is lightly damaged.
The phantom hits you.
You die...

#.##.##..#
##.###..####
#.##.#...####...##..#
#.##................#
#.####...####...###.#
#.#####.######.##
#.####
#......>.......#
#.....
#######.#####..#
###### #W#
#..######### #@#
#........... #.#
####..........
#...........######
###########.#
#.###### #.......
########


You could see a phantom.

Vanquished Creatures
  A howler monkey (D:5)
  2 jellies (D:5)
  A hound (D:4)
  2 orc wizards (D:5)
  Terence (D:2)
  An iguana (D:5)
  2 worker ants
  A hound skeleton (D:4)
  4 gnolls
  5 adders
  An ufetubus (D:4)
  2 oozes
  2 worms
  2 dart slugs
  6 leopard geckos
  6 orcs
  9 giant cockroaches
  9 hobgoblins
  8 jackals (D:5)
  2 quokkas (D:3)
  3 ball pythons
  9 bats
  5 frilled lizards
  7 goblins
  6 kobolds
  5 rats
102 creatures vanquished.

Vanquished Creatures (others)
  An orc wizard (D:5)
  An ufetubus (D:5)
2 creatures vanquished.

Grand Total: 104 creatures vanquished

Notes
Turn   | Place    | Note
-------+----------+-------------------------------------------
     0 | D:1      | lunkers the Octopode Ice Elementalist began the quest for
                  | the Orb.
     0 | D:1      | Reached XP level 1. HP: 11/11 MP: 3/3
   385 | D:1      | Reached XP level 2. HP: 17/17 MP: 0/5
   898 | D:1      | Reached XP level 3. HP: 19/21 MP: 3/6
  1181 | D:2      | Noticed Terence
  1193 | D:2      | Killed Terence
  1193 | D:2      | Reached skill level 5 in Ice Magic
  1193 | D:2      | Reached XP level 4. HP: 24/27 MP: 0/8
  1198 | D:2      | Learned a level 3 spell: Frozen Ramparts
  1202 | D:2      | Learned a level 3 spell: Ozocubu's Armour
  1760 | D:2      | Found a sacrificial altar of Ru.
  1787 | D:2      | Became a worshipper of Ru the Awakened
  2459 | D:1      | Reached XP level 5. HP: 9/31 MP: 9/9
  3748 | D:3      | Reached skill level 6 in Ice Magic
  3974 | D:4      | Gained mutation: You are somewhat inexperienced. (-2 XL)
                  | [Ru sacrifice]
  3974 | D:4      | Reached XP level 4. HP: 23/27 MP: 8/9
  3974 | D:4      | Reached XP level 3. HP: 21/21 MP: 7/7
  3974 | D:4      | Reached * piety under Ru
  3974 | D:4      | Reached ** piety under Ru
  4051 | D:4      | Noticed a phantom
  4327 | D:4      | Reached XP level 4. HP: 15/27 MP: 1/9
  4678 | D:4      | Reached XP level 5. HP: 19/31 MP: 6/10
  5105 | D:5      | Entered Level 5 of the Dungeon
  5167 | D:5      | Found a glowing silver altar of Zin.
  5359 | D:5      | Reached XP level 6. HP: 36/36 MP: 5/11
  5520 | D:5      | Found Yskuedim's Weapon Shop.
  5523 | D:5      | Found a burning altar of Makhleb.
  5575 | D:5      | Reached skill level 7 in Ice Magic
  5596 | D:5      | HP: 1/36 [orc wizard/magic dart (8)]
  5628 | D:4      | Slain by a phantom

Illustrated notes

Levels and vault maps discovered:
D:1:      dpeg_arrival_shelter, layout_basic, minmay_misc_feat_ornament,
          minmay_misc_feat_square, chequers_serial_rivers_small_a
D:2:      layout_basic, lemuel_crystal_altar, hangedman_decor_points,
          uniq_terence
D:3:      minmay_spotlight, layout_loops_ring
D:4:      layout_loops_ring, cheibrodos_sewer_entry_drain
D:5:      layout_gridville, overflow_temple_1_default, serial_shops, shop,
          basic_altar, corexii_checkpoint_a

Skill      XL: |  1  2  3  4  5  6 |
---------------+-------------------+-----
Ice Magic      | 5 6 7 |  7.4
Spellcasting   | 3 4 |  4.3
Dodging        | |  2.0
Stealth        | |  2.6

Action                   |  1- 3 |  4- 6 || total
-------------------------+-------+-------++-------
Melee: Unarmed           |    35 |    11 ||    46
       Constrict         |     6 |     6 ||    12
       Tentacles         |     8 |     6 ||    14
       Long sword        |       |    12 ||    12
 Cast: Freeze            |    42 |   112 ||   154
       Frozen Ramparts   |     4 |     3 ||     7
Invok: Sacrifice Experie |     1 |       ||     1
Evoke: Wand              |       |     1 ||     1
 Stab: Distracted        |       |     1 ||     1
Armor: Skin              |     3 |     8 ||    11
Dodge: Dodged            |    43 |    74 ||   117
Block: Other             |     8 |    14 ||    22
       Rpst.: Long sword |       |    11 ||    11

Table legend: (Time is in decaauts)
 A = Elapsed time spent in this place.
 B = Non-inter-level travel time spent in this place.
 C = Inter-level travel time spent in this place.
 D = Time resting spent in this place.
 E = Time spent auto-exploring this place.
 F = Levels seen in this place.
 G = Mean time per level.
                   A        B        C        D        E       F      G
               +--------+--------+--------+--------+--------+-----+--------+
         Total |   5633 |   5594 |     39 |    557 |   4098 |   5 | 1126.6 |
       Dungeon |   5633 |   5594 |     39 |    557 |   4098 |   5 | 1126.6 |
               +--------+--------+--------+--------+--------+-----+--------+

Top non-repeatable levels by time:
     D:1: 1739 daAuts
     D:2: 1173 daAuts
     D:4: 1141 daAuts
     D:3: 1065 daAuts
     D:5: 514 daAuts
